 Dungeon Crawl Stone Soup version 0.23.0 (webtiles) character file.

Game seed: 14032591047659485781

3019 inmateoo the Martial Artist (level 9, -2/73 HPs)
             Began as an Octopode Transmuter on Feb 15, 2019.
             Was a Believer of Cheibriados.
             Slain by a polar bear (19 damage)
             ... on level 8 of the Dungeon.
             The game lasted 00:12:24 (9137 turns).

inmateoo the Martial Artist (Octopode Transmuter)   Turns: 9137, Time: 00:12:25

Health: -2/73      AC:  6    Str: 15    XL:     9   Next: 85%
Magic:  10/16      EV: 12    Int: 23    God:    Cheibriados [**....]
Gold:   479        SH:  0    Dex: 22    Spells: 8/18 levels left

rFire    . . .     SeeInvis .     - Unarmed
rCold    + + +     Gourm    .   (shield currently unavailable)
rNeg     + . .     Faith    .   (helmet currently unavailable)
rPois    +         Spirit   .   (no amulet)
rElec    .         Reflect  .   n - +5 ring of dexterity
rCorr    .         Harm     .   p - ring of protection from fire
MR       .....                  q - ring of stealth
Stlth    ++++......             s - ring of positive energy
HPRegen  0.22/turn              (no ring)
MPRegen  0.15/turn              (no ring)
                                (no ring)
                                (no ring)

@: ice-form, very slow
A: large, almost no armour, stealthy swim, amphibious, 8 rings, (constrict 8)
a: End Transformation, Bend Time, Renounce Religion


You were on level 8 of the Dungeon.
You worshipped Cheibriados.
Cheibriados was pleased with you.
You were not hungry.
You were a creature of crystalline ice.
You visited 2 branches of the dungeon, and saw 9 of its levels.

You collected 479 gold pieces.

Inventory:

Hand Weapons
 m - the +0 dagger "Uqasett" {venom, rN+ Int+7 Dex-5}
   (You found it on level 7 of the Dungeon)

   It poisons the flesh of those it strikes.
   It affects your intelligence (+7).
   It affects your dexterity (-5).
   It protects you from negative energy.
Missiles
 a - 91 arrows
Armour
 r - the +5 hat of Tiunev (melded) {rF+ rN+++ Int-2}
   (You found it on level 7 of the Dungeon)

   It affects your intelligence (-2).
   It protects you from fire.
   It renders you almost immune to negative energy.
Jewellery
 n - a +5 ring of dexterity (left front paw)
 p - a ring of protection from fire (right front paw)
 q - a ring of stealth (on tentacle)
 s - a ring of positive energy (on tentacle)
Wands
 g - a wand of flame (19)
 t - a wand of polymorph (6)
 u - a wand of disintegration (25)
Scrolls
 f - 5 scrolls of remove curse
 j - 2 scrolls of magic mapping
 o - 5 scrolls of teleportation
 v - 5 scrolls of identify
Potions
 b - 3 potions of cancellation
 d - 2 potions of invisibility
 e - 2 potions of might
 k - a potion of ambrosia
 l - a potion of brilliance
Comestibles
 c - 15 rations
 h - a chunk of flesh


   Skills:
 - Level 5.0 Fighting
 + Level 3.0 Dodging
 - Level 4.0 Stealth
 * Level 8.0 Unarmed Combat
 - Level 5.0 Spellcasting
 + Level 6.6 Transmutations
 - Level 3.0 Ice Magic
 + Level 2.4 Invocations


You had 8 spell levels left.
You knew the following spells:

 Your Spells              Type           Power        Failure   Level  Hunger
a - Beastly Appendage     Tmut           #####.       1%          1    None
b - Sticks to Snakes      Tmut           #####...     1%          2    None
c - Spider Form           Tmut/Pois      ###.......   8%          3    ##.....
d - Ice Form              Ice/Tmut       ####....     13%         4    ####...

Your spell library contained the following spells:

 Spells                   Type           Power        Failure   Level  Hunger
 Confusing Touch          Hex            #.....       10%         1    None
 Flame Tongue             Conj/Fire      #....        10%         1    None
 Blade Hands              Tmut           #####.....   17%         5    #####..
 Petrify                  Tmut/Erth      ###.....     24%         4    ####...
 Confuse                  Hex            #.......     28%         3    ##.....
 Gell's Gravitas          Tloc           #.........   28%         3    ##.....
 Yara's Violent Unravell  Hex/Tmut       ###.......   56%         5    #####..
 Cause Fear               Hex            #.........   67%         4    ####...
 Metabolic Englaciation   Hex/Ice        ##........   80%         5    #####..
 Dragon Form              Tmut           #####.....   99%         7    #######
 Bolt of Fire             Conj/Fire      #.........   100%        6    #######
 Dragon's Call            Summ           #.........   100%        9    #######


Dungeon Overview and Level Annotations

Branches:
Dungeon (8/15)             Temple (1/1) D:6
   Lair: D:8-11

Altars:
Ashenzari
Cheibriados
Elyvilon
Fedhas
Gozag
Hepliaklqana
Kikubaaqudgha
Makhleb
Nemelex Xobeh
Okawaru
Qazlal
Ru
Sif Muna
Uskayaw
Vehumet
Wu Jian
Xom
Yredelemnul
Zin
The Shining One
Lugonu

Shops:
D:4 *


Innate Abilities, Weirdness & Mutations

You cannot wear most types of armour.
You are very stealthy in the water. (Stealth+)
You are amphibious.
You can wear up to eight rings at the same time.
((You can use your tentacles to constrict eight enemies at once.))
((Your skin changes colour to match your surroundings (Stealth+).))
((Your rubbery body absorbs attacks. (AC +1, EV +1)))


Message History

The polar bear bites you! The polar bear barely misses you.
The polar bear closely misses you. The polar bear bites you!
The polar bear claws you. The polar bear barely misses you.
Unknown command.
You barely miss the polar bear.
The polar bear is severely wounded.
The polar bear completely misses you. The polar bear closely misses you.
The polar bear claws you but does no damage.
Unknown command.
You hit the polar bear.
The polar bear is almost dead.
The polar bear bites you!
* * * LOW HITPOINT WARNING * * *
The polar bear completely misses you. The polar bear closely misses you.
Unknown command.
Unknown command.
You hit the polar bear but do no damage.
The polar bear is almost dead.
The polar bear bites you!!
You die...

# .. ###...))<...##
.. ##.. #..######..#
... #.. #..# #..##
#.#. #.. ##.# ##..#
.....##.# #.## ##.##
#.#.....# #..# #..#
........### ##..#
##..
.....#..Zh####.).###
#..# ###
#....#Y...###<.##
#..# #..##.###.###
###.## #.## ### #.#
### ##.# ##.# #.#
#.## ### ### ##


You could see a polar bear (berserk) and a bullfrog simulacrum.

Vanquished Creatures
  Pikel (D:7)
  2 orc warriors
  An ogre (D:4)
  A phantom (D:5)
  A wolf (D:8)
  A centaur (D:7)
  A big kobold (D:7)
  4 bullfrogs
  A gnoll sergeant (D:8)
  7 scorpions
  6 killer bees (D:7)
  2 howler monkeys
  3 crimson imps
  A quasit (D:5)
  A bullfrog zombie (D:5)
  2 bullfrog skeletons (D:6)
  5 hounds
  7 orc wizards
  2 orc priests
  An iguana (D:7)
  3 worker ants
  A centaur simulacrum (D:8)
  A killer bee simulacrum (D:8)
  7 adders
  4 gnolls
  An ooze (D:1)
  A worm (D:5)
  A dart slug (D:4)
  3 leopard geckos
  21 orcs
  6 bats
  11 goblins
  4 hobgoblins
  10 jackals
  8 kobolds
  4 quokkas
  2 ball pythons
  6 frilled lizards
  A quokka skeleton (D:4)
  3 rats
148 creatures vanquished.

Vanquished Creatures (collateral kills)
  An adder (D:2)
  An orc (D:8)
2 creatures vanquished.

Vanquished Creatures (others)
  An ice beast (D:7)
  A slave (D:7)
  An orc wizard (D:7)
  2 orcs (D:7)
5 creatures vanquished.

Grand Total: 155 creatures vanquished

Notes
Turn   | Place    | Note
-------+----------+-------------------------------------------
     0 | D:1      | inmateoo the Octopode Transmuter began the quest for the
                  | Orb.
     0 | D:1      | Reached XP level 1. HP: 13/13 MP: 3/3
    33 | D:1      | Reached skill level 1 in Stealth
    65 | D:1      | Reached XP level 2. HP: 4/18 MP: 5/5
   905 | D:1      | Reached XP level 3. HP: 23/23 MP: 6/6
   916 | D:1      | Learned a level 2 spell: Sticks to Snakes
   920 | D:1      | Learned a level 3 spell: Spider Form
  1726 | D:2      | Found a burning altar of Makhleb.
  2117 | D:3      | Reached XP level 4. HP: 28/28 MP: 4/7
  2203 | D:3      | Found a stormy altar of Qazlal.
  2370 | D:3      | Reached XP level 5. HP: 24/33 MP: 8/8
  3127 | D:4      | Reached skill level 5 in Transmutations
  3251 | D:4      | Found a sparkling altar of Nemelex Xobeh.
  3337 | D:4      | Reached XP level 6. HP: 19/38 MP: 5/9
  4157 | D:4      | Found Ymiodwak's Elemental Accessories.
  4192 | D:4      | Found a radiant altar of Vehumet.
  4211 | D:4      | Reached XP level 7. HP: 33/44 MP: 7/10
  4241 | D:4      | Learned a level 4 spell: Ice Form
  4518 | D:5      | Entered Level 5 of the Dungeon
  4623 | D:5      | Reached skill level 4 in Unarmed Combat
  4631 | D:5      | Found a deep blue altar of Sif Muna.
  4742 | D:5      | Found a sacrificial altar of Ru.
  4830 | D:5      | Found a shimmering altar of Xom.
  5001 | D:5      | Reached skill level 1 in Ice Magic
  5415 | D:6      | Found a white marble altar of Elyvilon.
  5606 | D:6      | Found an iron altar of Okawaru.
  5638 | D:6      | Reached XP level 8. HP: 50/51 MP: 12/12
  5774 | D:6      | Found a staircase to the Ecumenical Temple.
  5795 | Temple   | Entered the Ecumenical Temple
  5811 | Temple   | Became a worshipper of Cheibriados the Contemplative
  5911 | D:6      | Reached skill level 5 in Unarmed Combat
  6165 | D:6      | Found a shattered altar of Ashenzari.
  6546 | D:6      | Found a glowing silver altar of Zin.
  6710 | D:6      | Reached * piety under Cheibriados
  7193 | D:7      | Reached skill level 6 in Unarmed Combat
  7444 | D:7      | Noticed Pikel
  7456 | D:7      | Killed Pikel
  7456 | D:7      | Reached skill level 7 in Unarmed Combat
  7456 | D:7      | Reached XP level 9. HP: 50/59 MP: 9/15
  7586 | D:7      | Got an encrusted dagger
  7587 | D:7      | Identified the cursed +0 dagger "Uqasett" {venom, rN+ Int+7
                  | Dex-5} (You found it on level 7 of the Dungeon)
  7840 | D:7      | Reached skill level 1 in Invocations
  7886 | D:7      | Reached ** piety under Cheibriados
  8396 | D:7      | Got a pitted hat
  8407 | D:7      | Identified the +5 hat of Tiunev {rF+ rN+++ Int-2} (You
                  | found it on level 7 of the Dungeon)
  8668 | D:8      | Reached skill level 5 in Fighting
  8672 | D:8      | Reached skill level 5 in Spellcasting
  9044 | D:8      | Reached skill level 8 in Unarmed Combat
  9107 | D:8      | Noticed a polar bear
  9137 | D:8      | Slain by a polar bear

Skill      XL: |  1  2  3  4  5  6  7  8  9 |
---------------+----------------------------+-----
Stealth        | 2 3 4 |  4.0
Transmutations | 3 4 5 6 |  6.6
Unarmed Combat | 4 7 8 |  8.0
Fighting       | 2 4 5 |  5.0
Ice Magic      | 1 3 |  3.0
Spellcasting   | 3 4 5 |  5.0
Invocations    | 2 |  2.4
Dodging        | 3 |  3.0

Action                   |  1- 3 |  4- 6 |  7- 9 || total
-------------------------+-------+-------+-------++-------
Melee: Unarmed           |    90 |   105 |   283 ||   478
       Constrict         |    19 |    14 |    39 ||    72
       Punch             |     2 |     2 |     4 ||     8
       Tentacles         |    14 |     9 |    35 ||    58
 Cast: Sticks to Snakes  |     3 |       |     6 ||     9
       Spider Form       |       |     7 |     7 ||    14
       Ice Form          |       |       |     8 ||     8
 Abil: End Transformatio |       |       |     2 ||     2
  Use: Scroll            |     4 |       |    14 ||    18
       Potion            |     2 |     1 |     4 ||     7
 Stab: Sleeping          |     7 |     5 |    14 ||    26
  Eat: Chunk             |     3 |     8 |     9 ||    20
       Ration            |       |       |     2 ||     2
Armor: Skin              |    13 |    10 |    34 ||    57
Dodge: Dodged            |    69 |    72 |   211 ||   352
